Description

3 base timing attack for adam. Build obs while attacking incase of lurkers lurking around

Replay - A.I. 2 (Elite) v DeadlyFeet - Disco Bloodbath LE

Build Order

Get SALT Encoding   

  12  0:01  Probe  
  13  0:13  Probe  
  14  0:21  Pylon  
  14  0:25  Probe  
  15  0:38  Probe  
  15  0:41  Gateway  
  16  0:46  Probe  
  16  0:47  Assimilator  
  16  0:54  Probe  
  18  1:05  Probe  
  19  1:23  Nexus  
  19  1:35  Cybernetics Core  
  19  1:39  Probe  
  20  1:46  Assimilator  
  20  1:51  Probe  
  21  1:54  Pylon  
  21  2:02  Adept  
  21  2:03  Probe  
  22  2:12  Warp Gate  
  24  2:21  Twilight Council  
  24  2:23  Adept  
  29  2:44  Robotics Facility  
  33  3:06  Dark Shrine  
  35  3:21  Pylon  
  37  3:34  Gateway x2  
  41  3:51  Gateway  
  43  4:02  Warp Prism  
  44  4:05  Pylon  
  46  4:14  Assimilator x2  
  50  4:30  Dark Templar x3  
  54  4:35  Archon  
  56  4:45  Pylon  
  58  4:46  Dark Templar  
  58  4:50  Archon  
  60  5:00  Charge  
  60  5:10  Forge, Immortal  
  60  5:12  Nexus  
  68  5:41  Protoss Ground Weapons Level 1  
  68  5:42  Dark Templar x2  
  70  5:44  Immortal  
  70  5:49  Archon  
  80  6:11  Dark Templar x2  
  83  6:15  Archon  
  85  6:20  Immortal  
  91  6:36  Gateway x2  
  91  6:42  Gateway  
  91  6:46  Dark Templar x2  
  100  7:02  Archon  
  100  7:08  Archon  
  108  7:32  Observer  
  108  7:34  Zealot x6  
  122  7:50  Zealot  
  124  7:56  Zealot x3  
Spawning Tool Build Advisor. Get it on Overwolf

Go to:

Details

  • Created by: Heeebs
  • Published on: Oct 18, 2019
  • Modified on: Oct 18, 2019
  • Patch: 4.7.1
Show
View Real Time Build Order
Export as new Build Order

Comments (0)

There are no comments. Be the first!

Create an account to comment!